 Dungeon Crawl Stone Soup version 0.19-a0-644-gd04d753 (webtiles) character file.

411 zero the Cleaver (level 6, -2/51 HPs)
             Began as a Minotaur Berserker on June 14, 2016.
             Was a Priest of Trog.
             Slain by Prince Ribbit (12 damage)
             ... on level 6 of the Dungeon.
             The game lasted 00:04:05 (2514 turns).

zero the Cleaver (Minotaur Berserker)               Turns: 2514, Time: 00:04:05

Health: -2/51      AC:  8    Str: 24    XL:     6   Next: 58%
Magic:  5/5        EV:  8    Int:  4    God:    Trog [***...]
Gold:   177        SH:  0    Dex:  9    Spells: 0 memorised, 5 levels left

rFire  . . .     SeeInvis .     y - +0 war axe
rCold  . . .     Gourm    .     e - +0 chain mail
rNeg   . . .     Faith    .     (no shield)
rPois  .         Spirit   .     (helmet restricted)
rElec  .         Dismiss  .     (no cloak)
rCorr  .         Reflect  .     (no gloves)
SustAt .         Harm     .     (no boots)
MR     .....                    (no amulet)
Stlth  ..........               (no ring)
                                (no ring)

@: exhausted, slowed, very slow, not resistant to hostile enchantments,
extremely unstealthy
A: retaliatory headbutt, horns 2
a: Berserk, Trog's Hand, Burn Spellbooks, Renounce Religion


You were on level 6 of the Dungeon.
You worshipped Trog.
Trog was most pleased with you.
You were hungry.

You visited 1 branch of the dungeon, and saw 4 of its levels.

You collected 177 gold pieces.

Inventory:

Hand Weapons
 a - a +0 hand axe
 y - a +0 war axe (weapon)
Armour
 e - a +0 chain mail (worn)
Jewellery
 s - an uncursed ring of protection from magic {unknown}
Wands
 w - a wand of iceblast (2/15)
Scrolls
 f - a scroll of identify
 j - 3 scrolls of fog
 k - a scroll of teleportation {unknown}
 l - a scroll of immolation {unknown}
 p - a scroll of enchant weapon {unknown}
 r - a scroll of amnesia
 z - a scroll of enchant armour {unknown}
Potions
 b - a potion of degeneration {unknown}
 h - a potion of resistance {unknown}
 n - a potion of mutation {unknown}
 o - a potion of haste {unknown}
 q - a potion of lignification {unknown}
 x - a potion of heal wounds {unknown}
Books
 t - a book of Summonings

   Spells                             Type                      Level
   a - Recall                         Summoning/Translocation      3
   b - Aura of Abjuration             Summoning                    5
   c - Summon Demon                   Summoning                    5
   d - Summon Forest                  Summoning/Translocation      5
   e - Summon Mana Viper              Hexes/Summoning              5
   f - Shadow Creatures               Summoning                    6
   Trog disapproves of the use of such an item.
Comestibles
 c - 5 bread rations
 g - 2 beef jerkies
 i - 3 meat rations
 v - a slice of pizza


   Skills:
 - Level 3.6 Fighting
 + Level 9.0 Axes
 - Level 2.4 Armour
 - Level 2.1 Dodging


You had 5 spell levels left.
You didn't know any spells.

Dungeon Overview and Level Annotations

Branches:
Dungeon (3/15)

Altars:
Okawaru
The Shining One

Annotations:
D:6 Prince Ribbit


Innate Abilities, Weirdness & Mutations

You reflexively headbutt those who attack you in melee.
You have a pair of horns on your head.


Message History

Okay, then.
You feel better. The worker ant bites you. The worker ant closely misses you.
Okay, then.
You hit the worker ant but do no damage.
You headbutt the worker ant.
You kill the worker ant!
Trog accepts your kill.
Your Axes skill increases to level 9!
You miss Prince Ribbit.
Prince Ribbit is moderately wounded.
Your skin stops crawling.
You feel less resistant to hostile enchantments.
Prince Ribbit hits you but does no damage.
Prince Ribbit hits you!
* * * LOW HITPOINT WARNING * * *
The ice beast hits you but does no damage.
You hit Prince Ribbit. Your headbutt misses Prince Ribbit.
Prince Ribbit is heavily wounded.
You hit the ice beast but do no damage. Prince Ribbit hits you!
You die...

........r..
... ......)).#
#.#
......†ro####
#.#
).......ooo.#
#.##
........a.#o#
#...
..........#§#
###.
..........#r#
#.
....F.....#Y#
#.
......<...#@#
#.
..........#F#
##
.(.......#§#
........#.#
#§############
##
#............#
#.
#............#
#.
#.....[......#
#.
#............#
#.


You could see Prince Ribbit, an ice beast and a quokka.

Vanquished Creatures
  A scorpion (D:6)
  A wyvern skeleton (D:6)
  A crimson imp (D:6)
  An orc priest (D:6)
  An orc wizard (D:6)
  Jessica (D:2)
  Natasha (D:2)
  A worker ant (D:6)
  3 gnolls (D:3)
  5 adders
  A worm (D:3)
  5 dart slugs
  3 giant geckos
  2 giant cockroaches
  6 goblins
  7 hobgoblins
  3 quokkas
  4 bats
  A giant newt (D:2)
  A jackal skeleton (D:6)
  11 kobolds
  8 rats
68 creatures vanquished.

Notes
Turn   | Place    | Note
--------------------------------------------------------------
     0 | D:1      | zero the Minotaur Berserker began the quest for the Orb.
     0 | D:1      | Reached XP level 1. HP: 19/19 MP: 0/0
    20 | D:1      | Reached skill level 4 in Axes
    43 | D:1      | Reached XP level 2. HP: 24/26 MP: 1/1
   357 | D:1      | Reached ** piety under Trog
   435 | D:1      | Reached skill level 5 in Axes
   477 | D:1      | Reached XP level 3. HP: 27/31 MP: 2/2
   866 | D:2      | Found an iron altar of Okawaru.
   868 | D:2      | Noticed Jessica
   873 | D:2      | Killed Jessica
  1000 | D:2      | Reached skill level 6 in Axes
  1000 | D:2      | Reached XP level 4. HP: 38/39 MP: 3/3
  1184 | D:2      | Noticed Natasha
  1192 | D:2      | Killed Natasha
  1714 | D:3      | Found a glowing golden altar of the Shining One.
  1859 | D:3      | Reached XP level 5. HP: 41/45 MP: 4/4
  1957 | D:3      | Reached skill level 7 in Axes
  1973 | D:3      | Reached *** piety under Trog
  2120 | D:3      | You fall through a shaft for 3 floors!
  2341 | D:6      | Reached skill level 8 in Axes
  2343 | D:6      | Noticed an ice beast
  2483 | D:6      | Noticed Prince Ribbit
  2490 | D:6      | Reached XP level 6. HP: 51/51 MP: 5/5
  2491 | D:6      | Noticed an ice beast
  2491 | D:6      | Noticed an orc warrior
  2513 | D:6      | Reached skill level 9 in Axes
  2514 | D:6      | Slain by Prince Ribbit

Vault maps used:
D:1:      minmay_arrival_nine_rooms
D:2:      okawaru_gym_becter, uniq_natasha, uniq_jessica
D:3:      amethyst_killhole, tso_altar
D:6:      corexii_item_surrounded_by_moat, uniq_prince_ribbit1

Skill      XL: |  1  2  3  4  5  6 |
---------------+-------------------+-----
Axes           | 4 5 6 8 9 |  9.0
Fighting       | |  3.6
Armour         | |  2.4
Dodging        | |  2.1

Action                   |  1- 3 |  4- 6 || total
-------------------------+-------+-------++-------
Melee: Hand axe          |    71 |    84 ||   155
       Headbutt          |    12 |    14 ||    26
       War axe           |       |    11 ||    11
Invok: Berserk           |       |     3 ||     3
       Trog's Hand       |       |     1 ||     1
Evoke: Wand              |       |     1 ||     1
  Use: Scroll            |       |     2 ||     2
       Potion            |       |     2 ||     2
  Eat: Chunk             |       |     7 ||     7
       Fruit             |       |     1 ||     1
Armor: Animal skin       |     3 |       ||     3
       Chain mail        |    26 |    51 ||    77
Dodge: Dodged            |    32 |    56 ||    88
